 Dungeon Crawl Stone Soup version 0.28-a0-1182-g381e24db82 (webtiles) character file.

Game seed: 17234701041547020855

95 Decritt the Skirmisher (level 4, 0/41 HPs)
             Began as a Minotaur Fighter on Dec 17, 2021.
             Killed from afar by Ijyb (37 damage)
             ... with a bolt of acid
             ... on level 3 of the Dungeon.
             The game lasted 00:02:56 (2612 turns).

Decritt the Skirmisher (Minotaur Fighter)           Turns: 2612, Time: 00:02:57

Health: 0/41       AC:  8    Str: 23    XL:     4   Next: 39%
Magic:  3/3        EV:  9    Int:  5    God:
Gold:   88         SH:  4    Dex:  9    Spells: 3/3 levels left

rFire   . . .      SeeInvis .   a - +0 war axe
rCold   . . .      Faith    .   c - +0 buckler
rNeg    . . .      Spirit   .   b - +0 scale mail
rPois   .          Reflect  .   (helmet restricted)
rElec   .          Harm     .   o - scarf {repulsion}
rCorr   .          Rampage  .   j - +0 pair of gloves
Will    .....                   (no boots)
Stlth   ..........              (no amulet)
HPRegen 0.13/turn               l - ring of flight
MPRegen 0.08/turn               (no ring)

@: flying, repel missiles
A: horns 2, retaliatory headbutt
a: no special abilities


You were on level 3 of the Dungeon.
You visited 1 branch of the dungeon, and saw 4 of its levels.

You collected 88 gold pieces.

Inventory:

Hand Weapons
 a - a +0 war axe (weapon)
Missiles
 i - 5 javelins
Armour
 b - a +0 scale mail (worn)
 c - a +0 buckler (worn)
 j - a +0 pair of gloves (worn)
 o - a scarf of repulsion (worn)
Jewellery
 l - a ring of flight (left hand)
Scrolls
 e - a scroll of enchant weapon {unknown}
 f - a scroll of noise {unknown}
 n - a scroll of immolation {unknown}
Potions
 d - a potion of might
 g - a potion of berserk rage {unknown}
 h - a potion of curing {unknown}
 k - a potion of cancellation {unknown}
 m - a potion of magic {unknown}


   Skills:
 * Level 4.7 Fighting
 * Level 3.7 Axes
 + Level 4.1 Armour
 + Level 4.2 Shields


You had 3 spell levels left.
You didn't know any spells.
Your spell library contained the following spells:

 Spells                   Type           Power      Damage    Failure   Level
 Summon Ice Beast         Ice/Summ       0%         N/A       100%        4
 Summon Mana Viper        Hex/Summ       0%         N/A       100%        5
 Monstrous Menagerie      Summ           0%         N/A       100%        7


Dungeon Overview and Level Annotations

Branches:
Dungeon (4/15)
 Temple: D:4-7

Altars:

Annotations:
D:3 Ijyb


Innate Abilities, Weirdness & Mutations

You have a pair of horns on your head.
You reflexively headbutt those who attack you in melee.


Message History

You start resting.
HP restored.
You start waiting.
Done waiting.
You start waiting.
Done waiting.
You fly upwards.
Level annotation: Ijyb The hobgoblin shouts!
The jackal bites you but does no damage.
The orc closely misses you. The jackal barely misses you.
The goblin shoots a stone.
The stone barely misses you.
The stone hits the jackal.
The jackal dies!
The orc hits you with a +0 hand axe.
There is a stone staircase leading down here.
You slash the orc!
The orc is almost dead.
The orc barely misses you.
You barely miss the orc.
The orc is almost dead.
The orc hits you but does no damage.
You slash the orc!
You kill the orc!
You closely miss the hobgoblin. You hit Ijyb. You block Ijyb's attack.
The hobgoblin closely misses you.
You barely miss Ijyb. You headbutt Ijyb.
Ijyb is lightly wounded.
You barely miss the hobgoblin. Ijyb hits you with a +4 club.
The hobgoblin hits you but does no damage.
You block Ijyb's attack.
The hobgoblin hits you but does no damage.
You closely miss Ijyb.
Ijyb is lightly wounded.
You slash the hobgoblin!
You kill the hobgoblin!
The goblin shoots a stone.
You block the stone.
Ijyb zaps a wand.
The bolt of acid hits you!!!
Ouch! That really hurt!
You die...

#)##.# #[##.# #..#.#
##.#.# #÷#.# #...# ..
###..###....
#...g†go....
#.#†@################
#(##)#...............
# #.#.########......
..#........'......
############......
#...... #......
#...... #######


You could see Ijyb, an orc and a goblin.

Vanquished Creatures
  An orc priest (D:3)
  An adder (D:2)
  A dart slug (D:3)
  7 orcs (D:3)
  4 ball pythons
  3 endoplasms
  2 giant cockroaches (D:1)
  A goblin (D:1)
  4 hobgoblins
  2 jackals (D:3)
  6 kobolds
  2 quokkas (D:1)
  2 bats
  4 frilled lizards
  3 rats
43 creatures vanquished.

Vanquished Creatures (others)
  A jackal (D:3)
1 creature vanquished.

Grand Total: 44 creatures vanquished

Notes
Turn   | Place    | Note
-------+----------+-------------------------------------------
     0 | D:1      | Decritt the Minotaur Fighter began the quest for the Orb.
     0 | D:1      | Reached XP level 1. HP: 19/19 MP: 0/0
   163 | D:1      | Reached XP level 2. HP: 27/27 MP: 1/1
   866 | D:2      | Reached XP level 3. HP: 22/33 MP: 2/2
  1164 | D:2      | You fall into a shaft and drop 1 floor!
  2148 | D:3      | Noticed Ijyb
  2154 | D:3      | Reached XP level 4. HP: 11/41 MP: 3/3
  2612 | D:3      | Killed from afar by Ijyb

Illustrated notes

Levels and vault maps discovered:
D:1:      saegor_arrival_simple_e, layout_basic, minmay_fountain_box,
          ebering_dispersal_statue_hall
D:2:      layout_basic, kennysheep_nondescript
D:3:      layout_basic, uniq_ijyb, uniq_sigmund
D:4:      layout_loops_ring, lemuel_zombie_altar_kikubaaqudgha,
          serial_bayou_crossing, uniq_natasha

Skill      XL: |  1  2  3 |
---------------+----------+-----
Fighting       | 4 |  4.7
Axes           | 3 |  3.7
Shields        | 4 |  4.2
Armour         | 4 |  4.1

Action                   |  1- 3 |  4- 6 || total
-------------------------+-------+-------++-------
Melee: War axe           |    84 |     5 ||    89
       Headbutt          |    11 |     1 ||    12
Armor: Scale mail        |    30 |     5 ||    35
Dodge: Dodged            |    37 |     8 ||    45
Block: Buckler           |    19 |     3 ||    22

Table legend: (Time is in decaauts)
 A = Elapsed time spent in this place.
 B = Non-inter-level travel time spent in this place.
 C = Inter-level travel time spent in this place.
 D = Time resting spent in this place.
 E = Time spent auto-exploring this place.
 F = Levels seen in this place.
 G = Mean time per level.
                   A        B        C        D        E       F      G
               +--------+--------+--------+--------+--------+-----+--------+
         Total |   2643 |   2574 |     69 |    443 |   1821 |   4 |  660.8 |
       Dungeon |   2643 |   2574 |     69 |    443 |   1821 |   4 |  660.8 |
               +--------+--------+--------+--------+--------+-----+--------+

Top non-repeatable levels by time:
     D:2: 988 daAuts
     D:1: 744 daAuts
     D:3: 466 daAuts
     D:4: 444 daAuts
